 Dungeon Crawl Stone Soup version 0.26.0-10-g1f06aea511 (webtiles) character file.

Game seed: 3257079686651162644

56 Borgoz the Slasher (level 3, -2/22 HPs)
             Began as a Gargoyle Gladiator on Jan 14, 2021.
             Slain by Sigmund
             ... wielding a +2 scythe of protection
              (5 damage)
             ... on level 2 of the Dungeon.
             The game lasted 00:02:15 (1692 turns).

Borgoz the Slasher (Gargoyle Gladiator)             Turns: 1692, Time: 00:02:16

Health: -2/22      AC:  7    Str: 17    XL:     3   Next: 97%
Magic:  3/3        EV: 12    Int:  8    God:
Gold:   49         SH:  3    Dex: 12    Spells: 2/2 levels left

rFire    + . .     SeeInvis .   a - +0 long sword
rCold    . . .     Faith    .   j - +0 buckler
rNeg     + . .     Spirit   .   b - +0 leather armour
rPois    ∞         Reflect  .   c - +0 helmet
rElec    +         Harm     .   (no cloak)
rCorr    .         Rampage  .   (no gloves)
Will     .....                  (no boots)
Stlth    ..........             k - amulet of regeneration
HPRegen  0.47/turn              e - ring of protection from fire
MPRegen  0.08/turn              h - ring of attention (curse)

@: no status effects
A: negative energy resistance 1, electricity resistance, unbreathing,
petrification resistance, miasma immunity, AC +3
a: no special abilities


You were on level 2 of the Dungeon.
You visited 1 branch of the dungeon, and saw 3 of its levels.

You collected 49 gold pieces.

Inventory:

Hand Weapons
 a - a +0 long sword (weapon)
Missiles
 d - a throwing net (quivered)
Armour
 b - a +0 leather armour (worn)
 c - a +0 helmet (worn)
 j - a +0 buckler (worn)
Jewellery
 e - a ring of protection from fire (left hand)
 g - an uncursed amulet of reflection
 h - a cursed ring of attention (right hand)
 k - an amulet of regeneration (around neck)
Scrolls
 f - a scroll of enchant weapon {unknown}
 i - a scroll of remove curse {unknown}
 m - a scroll of identify {unknown}
Potions
 l - 2 potions of curing {unknown}


   Skills:
 + Level 2.7 Fighting
 * Level 3.3 Long Blades
 - Level 1.7 Throwing
 + Level 1.3 Armour
 + Level 2.7 Dodging
 + Level 0.7 Shields


You had 2 spell levels left.
You didn't know any spells.
Your spell library was empty.

Dungeon Overview and Level Annotations

Branches:
Dungeon (3/15)

Altars:

Annotations:
D:2 Sigmund


Innate Abilities, Weirdness & Mutations

You are resistant to torment.
Your stone body is resilient. (AC +3)
You are immune to poison.
You resist negative energy. (rN+)
You are resistant to electric shocks. (rElec)
You can survive without breathing.
You are immune to petrification.
You are immune to miasma.


Message History

The throwing net closely misses Sigmund.
You completely miss Sigmund.
Sigmund is severely wounded.
Sigmund closely misses you.
You riposte.
You closely miss Sigmund.
Sigmund is severely wounded.
You completely miss Sigmund.
Sigmund is severely wounded.
Sigmund hits you but does no damage.
You barely miss Sigmund.
Sigmund is severely wounded.
You block Sigmund's attack.
You closely miss Sigmund.
Sigmund is severely wounded.
Sigmund points at you and mumbles some strange words.
The puff of flame hits you. You resist.
* * * LOW HITPOINT WARNING * * *
You hit Sigmund but do no damage.
Sigmund is severely wounded.
Sigmund hits you with a +2 scythe of protection.
You die...

#.######
##.....###########
#.####.#...@....(#
...#.....#######.#
.........##### #.#
...#.........# #@#
#.##.....###.###@#
#.##.....##......#
#.######.........#
#+# ####..###.#
#....#.# #.##.#.#
##.##.#.#
####.......#
+........###


You could see Sigmund.

Vanquished Creatures
  Robin (D:2)
  An adder (D:2)
  2 bats (D:2)
  3 giant cockroaches
  9 goblins
  9 hobgoblins
  4 frilled lizards
  2 kobolds (D:1)
  2 rats (D:1)
33 creatures vanquished.

Notes
Turn   | Place    | Note
-------+----------+-------------------------------------------
     0 | D:1      | Borgoz the Gargoyle Gladiator began the quest for the Orb.
     0 | D:1      | Reached XP level 1. HP: 12/12 MP: 1/1
   298 | D:1      | Reached XP level 2. HP: 18/18 MP: 2/2
   579 | D:1      | Reached skill level 3 in Long Blades
  1045 | D:2      | Reached skill level 1 in Armour
  1045 | D:2      | Reached XP level 3. HP: 19/22 MP: 3/3
  1206 | D:2      | Noticed Robin
  1515 | D:2      | Killed Robin
  1614 | D:2      | Noticed Sigmund
  1692 | D:2      | Slain by Sigmund

Illustrated notes

Levels and vault maps discovered:
D:1:      dpeg_arrival_arbitrary_c, layout_loops_ring
D:2:      layout_loops_corners, nzn_hepliaklqana_mist_gate,
          dancing_weapons_uskayaw, grunt_ministairs_2,
          small_statue_intersection, uniq_sigmund, uniq_robin, uniq_terence
D:3:      layout_loops_ring, grunt_dithmenos_smoke, minmay_misc_feat_rugged,
          uniq_ijyb

Skill      XL: |  1  2 |
---------------+-------+-----
Long Blades    | 3 |  3.3
Armour         | 1 |  1.3
Fighting       | |  2.7
Throwing       | |  1.7
Dodging        | |  2.7
Shields        | |  0.7

Action                   || total
-------------------------++-------
Melee: Long sword        ||   121
Throw: Throwing net      ||     2
Armor: Leather armour    ||    48
Dodge: Dodged            ||    61
Block: Buckler           ||    38
       Other             ||     7
       Reflection        ||     1
       Rpst.: Long sword ||    17
